 Dungeon Crawl Stone Soup version 0.31-a0-232-gb1c03b2570 (webtiles) character file.

Game seed: 8978143430152633048

118 qw the Shooter (level 5, 0/30 HPs)
             Began as a Gargoyle Hexslinger on July 7, 2023.
             Slain by an orc priest
             ... wielding a +0 war axe
              (10 damage)
             ... on level 4 of the Dungeon.
             The game lasted 00:00:50 (2175 turns).

qw the Shooter (Gargoyle Hexslinger)                Turns: 2175, Time: 00:00:50

Health: 0/30       AC: 10    Str: 11    XL:     5   Next: 2%
Magic:  6/6        EV: 10    Int: 14    God:
Gold:   226        SH:  0    Dex: 14    Spells: 5/6 levels left

rFire   . . .        Y - +4 sling
rCold   . . .        (no shield)
rNeg    + . .        f - +0 ring mail
rPois   inf          b - +0 helmet
rElec   +            (no cloak)
rCorr   .            (no gloves)
SInv    .            (no boots)
Will    .....        (no amulet)
Stlth   +            (no ring)
HPRegen 0.25/turn    (no ring)
MPRegen 0.10/turn

%: no passive effects
@: no status effects
A: sickness immunity, AC +4, negative energy resistance 1, electricity
resistance, torment resistance 1, petrification resistance
a: no special abilities


You were on level 4 of the Dungeon.
You visited 1 branch of the dungeon, and saw 4 of its levels.

You collected 226 gold pieces.


Innate Abilities, Weirdness & Mutations

You are immune to sickness and miasma.
Your stone body is resilient. (AC +4)
You are immune to poison.
You resist negative energy. (rN+)
You are resistant to electric shocks. (rElec)
You are resistant to unholy torment.
You are immune to petrification.


   Skills:
 - Level 2.0 Fighting
 + Level 4.5 Ranged Weapons
 - Level 1.2 Armour
 - Level 1.5 Dodging
 - Level 1.0 Spellcasting
 - Level 2.6 Hexes


You had 5 spell levels left.
You knew the following spells:

 Your Spells              Type           Power      Damage    Failure   Level
a - Slow                  Hex            32%        N/A       21%         1

Your spell library contained the following spells:

 Spells                   Type           Power      Damage    Failure   Level
 Inner Flame              Hex/Fire       4%         N/A       71%         3
 Portal Projectile        Hex/Tloc       8%         N/A       71%         3
 Cause Fear               Hex            4%         N/A       90%         4

Inventory:

Hand Weapons
 Y - a +4 sling (weapon)
Armour
 b - a +0 helmet (worn)
 f - a +0 ring mail (worn)
Scrolls
 a - a scroll of identify
Potions
 c - a potion of enlightenment
 d - a potion of curing {unknown}
 e - a potion of heal wounds
 g - a potion of degeneration {unknown}

Dungeon Overview and Level Annotations

Branches:
Dungeon (4/15)
 Temple: D:4-7

Altars:
Trog

Annotations:
D:3 3 runed translucent doors, qw's ghost, weakling MiHs


Message History

Something hits you but does no damage.
An orc priest comes into view. It is wielding a +0 war axe.
The orc hits you but does no damage.
The orc priest shouts!
Something hits you. The orc hits you with a +0 short sword.
You feel less confused. Something hits you but does no damage.
The orc hits you but does no damage.
You shoot a sling bullet. The sling bullet hits the orc!
You kill the orc!
Something hits you but does no damage. x2; The orc barely misses you.
You have reached level 5!
You shoot a sling bullet.
The sling bullet closely misses the orc.
The orc hits you with a +0 club. Something hits you but does no damage.
You shoot a sling bullet. The sling bullet hits the orc.
The orc is severely wounded.
The orc barely misses you.
The orc priest looks satisfied for a moment.
The orc barely misses you. Something hits you but does no damage.
You shoot a sling bullet.
The sling bullet closely misses the orc.
The orc misses you. Something hits you but does no damage.
The orc barely misses you. The orc hits you but does no damage.
Something hits you. The orc hits you with a +0 club.
You shoot a sling bullet. The sling bullet hits the orc!
You kill the orc!
The orc hits you but does no damage.
The orc priest begins to cast a cantrip, but forgets the words!
Something hits you but does no damage.
You shoot a sling bullet. The sling bullet barely misses the orc.
The orc hits you with a +0 club. Something hits you but does no damage.
You shoot a sling bullet. The sling bullet hits the orc priest.
The orc priest is lightly wounded.
The orc barely misses you. The orc priest closely misses you.
Something hits you but does no damage.
You shoot a sling bullet.
The sling bullet barely misses the orc priest.
The orc hits you but does no damage.
The orc priest hits you with a +0 war axe!
You die...

#.##..#.# #. #....#
#. #.#### #. #.#
######## #.#.##.#
......# #.<....####
###....# ..#.......#
#......# #.....###.#
#......# #.###.# #.#
#..@o..# #.###.###.#
#..{o..#
.........####..#'###
####...........#.#
##########.##.#
#.##.# ..##.#
#####.# #..


You could see an orc priest and an orc.

Vanquished Creatures
  3 gnolls (D:3)
  2 adders (D:3)
  A dart slug (D:1)
  3 orcs
  2 endoplasms
  6 giant cockroaches
  5 goblins
  9 hobgoblins
  5 kobolds
  9 ball pythons
  6 bats
  4 frilled lizards
  8 rats
63 creatures vanquished.

Notes
Turn   | Place    | Note
-------+----------+-------------------------------------------
     0 | D:1      | qw the Gargoyle Hexslinger began the quest for the Orb.
     0 | D:1      | Reached XP level 1. HP: 12/12 MP: 2/2
     0 | D:1      | 0 ||| qw: Version: 0.3-a-46-gb1f654a
     0 | D:1      | 0 ||| qw: Game counter: 2414
     0 | D:1      | 0 ||| qw: Melee chars always use a shield: true
     0 | D:1      | 0 ||| qw: God list: Okawaru
     0 | D:1      | 0 ||| qw: Allow faded altars: false
     0 | D:1      | 0 ||| qw: Do Orc after clearing Dungeon:15 true
     0 | D:1      | 0 ||| qw: Do second Lair branch before Depths: true
     0 | D:1      | 0 ||| qw: Lair rune preference: random
     0 | D:1      | 0 ||| qw: Goals: Normal
     0 | D:1      | 0 ||| PLANNING D:1-11
    65 | D:1      | Reached XP level 2. HP: 16/16 MP: 3/3
   163 | D:1      | Reached skill level 3 in Ranged Weapons
   275 | D:1      | Reached XP level 3. HP: 21/21 MP: 4/4
   668 | D:1      | 668 ||| UPGRADING to +0 ring mail.
   678 | D:1      | 678 ||| DROPPING +0 robe.
   679 | D:1      | 679 ||| READING scroll labelled HADOQA QOIP NOXOC.
   683 | D:1      | 683 ||| READING scroll labelled KASSA TOSCHUE.
   700 | D:1      | 700 ||| READING scroll labelled BAHASCH YSONOQ.
   701 | D:1      | 701 ||| READING scroll labelled WUDWED LIERETH.
   702 | D:1      | 702 ||| DRINKING 2 ruby potions.
   703 | D:1      | 703 ||| DROPPING scroll of poison.
   740 | D:2      | 740 ||| READING scroll of enchant weapon.
   740 | D:2      | 740 ||| ENCHANTING +2 sling.
   769 | D:2      | 769 ||| READING scroll of enchant weapon.
   769 | D:2      | 769 ||| ENCHANTING +3 sling.
  1261 | D:2      | 1261 ||| UPGRADING to +0 helmet.
  1266 | D:2      | 1266 ||| READING scroll labelled GAUF JOUTI.
  1267 | D:2      | 1267 ||| DRINKING 2 green potions.
  1478 | D:3      | Reached skill level 1 in Armour
  1478 | D:3      | Reached XP level 4. HP: 26/26 MP: 5/5
  1585 | D:3      | Found a bloodstained altar of Trog.
  1624 | D:3      | Reached skill level 4 in Ranged Weapons
  1779 | D:3      | Found a runed translucent gate.
  1782 | D:3      | Found a runed translucent gate.
  1782 | D:3      | Found a runed translucent gate.
  1791 | D:3      | Noticed qw's ghost (weakling MiHs)
  2031 | D:3      | 2031 ||| READING scroll labelled EPTYIFFEBLE.
  2032 | D:3      | 2032 ||| READING scroll labelled PYIVVE ORRUIZE.
  2033 | D:3      | 2033 ||| DRINKING 2 clear potions.
  2079 | D:3      | 2079 ||| DROPPING potion of lignification.
  2162 | D:4      | 2162 ||| FLEEEEING.
  2169 | D:4      | Reached XP level 5. HP: 17/30 MP: 6/6
  2175 | D:4      | Slain by an orc priest

Levels and vault maps discovered:
D:1:      dpeg_arrival_rooms_c, layout_basic
D:2:      layout_loops_ring
D:3:      layout_loops_corners, lemuel_doored_altar, ebering_ghost_rock_garden,
          serial_bayou_ford_a, minmay_distorted
D:4:      layout_basic

Skill      XL: |  1  2  3  4 |
---------------+-------------+-----
Ranged Weapons | 3 4 |  4.5
Fighting       | 2 |  2.0
Armour         | 1 |  1.2
Dodging        | |  1.5
Spellcasting   | |  1.0
Hexes          | |  2.6

Action                     |  1- 3 |  4- 6 || total
---------------------------+-------+-------++-------
   Fire: Sling             |   113 |    42 ||   155
    Use: Scroll            |     7 |     2 ||     9
         Potion            |     2 |     1 ||     3
 Armour: Robe              |     5 |       ||     5
         Ring mail         |     8 |    24 ||    32
  Dodge: Dodged            |    32 |    12 ||    44

Table legend:
 A = Non-vault XP
 B = Vault XP
 C = Vault XP percentage of total XP
 D = Non-vault monster count
 E = Vault monster count
 F = Vault count percentage of total count
                 A         B        C        D         E       F
            +---------+---------+-------+---------+---------+-------
      Total |     167 |       2 |   1.2 |      62 |       1 |   1.6
            +---------+---------+-------+---------+---------+-------
        D:1 |      49 |       0 |   0.0 |      29 |       0 |   0.0
        D:2 |      26 |       0 |   0.0 |      17 |       0 |   0.0
        D:3 |      86 |       2 |   2.3 |      14 |       1 |   6.7
        D:4 |       6 |       0 |   0.0 |       2 |       0 |   0.0
            +---------+---------+-------+---------+---------+-------
